[Event "*** Titled Tuesday Blitz"]
[Site "Chess.com"]
[Date "2020.04.14"]
[Round "9"]
[White "vanea_03"]
[Black "tornikesanikidze"]
[Result "0-1"]
[WhiteElo "2596"]
[BlackElo "2390"]
[TimeControl "180+1"]
[EndTime "11:43:24 PDT"]
[Termination "tornikesanikidze won by resignation"]

1. d4 d5 2. c4 e6 3. Nc3 Bb4 4. cxd5 exd5 5. Bf4 Nf6 6. e3 O-O 7. Bd3 c5 8. Ne2 Nc6 9. a3 Bxc3+ 10. bxc3 Re8 11. O-O Bg4 12. f3 Bh5 13. g4 Bg6 14. Ng3 Qa5 15. Bxg6 hxg6 16. Qb3 b6 17. g5 c4 18. Qc2 Nd7 19. h4 Nf8 20. e4 Ne7 21. a4 Qa6 22. Bd6 Qb7 23. e5 Qd7 24. Bxe7 Rxe7 25. Kg2 Rb8 26. f4 b5 27. axb5 Qxb5 28. Rab1 Qe8 29. f5 Rxb1 30. Rxb1 Qc8 31. f6 Rb7 32. Rf1 Qg4 33. fxg7 Ne6 34. Qe2 Nf4+ 35. Rxf4 Qxf4 36. e6 Re7 37. exf7+ Qxf7 38. Qg4 Kxg7 39. h5 Qe6 40. Qf4 Rf7 41. h6+ Kh7 42.
Qd2 Qg4 43. Kh2 a5 44. Qe1 a4 45. Kg2 a3 46. Qe8 Qf3+ 47. Kh3 a2 48. Kh2 0-1

[Event "*** Titled Tuesday Blitz"]
[Site "Chess.com"]
[Date "2020.04.14"]
[Round "9"]
[White "DIM90"]
[Black "White_Ghost"]
[Result "0-1"]
[WhiteElo "2231"]
[BlackElo "2454"]
[TimeControl "180+1"]
[EndTime "11:43:24 PDT"]
[Termination "White_Ghost won by resignation"]

1. e4 e5 2. Nf3 Nc6 3. Bb5 a6 4.
Bxc6 dxc6 5. O-O Bg4 6. h3 Bh5 7. d3 Bd6 8. Be3 Ne7 9. Nbd2 O-O 10. c3 Qd7 11. d4 exd4 12. cxd4 Kh8 13. e5 Bb4 14. a3 Bxd2 15. Bxd2 Bxf3 16. Qxf3 Qxd4 17. Bc3 Qd5 18. Qg3 Ng6 19. Rae1 Rad8 20. f4 Qd3 21. Rf3 Qf5 22. Qf2 h5 23. g4 hxg4 24. hxg4 Qxg4+ 25. Rg3 Qxf4 26. Qh2+ Kg8 27. e6 Rd6 28. exf7+ Qxf7 29. Qg2 b6 30. Re4 Rd1+ 31. Kh2 Qf5 32. Reg4 Qh5+ 33.
Rh3 Qxg4 34. Qxg4 Rf2+ 35. Kg3 Rg1+ 36. Kxf2 Rxg4 37. Rd3 Rf4+ 38. Kg3 Rf7 39. Rd8+ Kh7 40. Kg4 c5 41. Kg5 Ne7 42. Rd1 Rf5+ 43. Kg4 Rf7 44. Rh1+ Kg8 45. Rd1 Nc6 46. Re1 Nd4 47.
Re8+ Kh7 48. Re4 Rd7 49. Re1 Kg6 50. Rg1 Kf7 51. Kf4 Kg8 52. Ke3 Nf5+ 53. Ke4 Nd6+ 54. Kd5 Nb5+ 55. Kc6 Rd6+ 56. Kb7 Nxc3 57. bxc3 Rd7 58.
Kc6 Rf7 59. c4 Kh7 60. a4 g6 61. Rh1+ Kg7 62. Rd1 g5 63. Rd5 Kg6 64. Rd8 g4 65. Rd1 Kg5 66. a5 bxa5 67. Kxc5 g3 68. Rd7 Rxd7 0-1

[Event "*** Titled Tuesday Blitz"]
[Site "Chess.com"]
[Date "2020.04.14"]
[Round "9"]
[White "Playgood28"]
[Black "AsaHoffmann"]
[Result "1/2-1/2"]
[WhiteElo "2157"]
[BlackElo "2280"]
[TimeControl "180+1"]
[EndTime "11:43:25 PDT"]
[Termination "Game drawn by repetition"]

1. d4 Nf6 2. c4 c5 3. d5 e5 4. Nc3 d6 5. e4 Be7 6. g3 O-O 7. Bg2 Na6 8. Nf3 Ne8 9. O-O f5 10. exf5 Bxf5 11. Qe2 Nf6 12. Nd2 Qd7 13. Nde4 h6 14.
f4 exf4 15. Bxf4 Rae8 16. Rae1 Bd8 17. Nxf6+ Bxf6 18. Ne4 Bd4+ 19. Kh1 Bg4 20. Bf3 Bxf3+ 21. Rxf3 Be5 22. Bxe5 Rxe5 23. Rxf8+ Kxf8 24. Rf1+ Kg8 25. Qf3 Qe7 26. Nc3 Nc7 27. a4 a6 28. h4 Ne8 29. Kg2 Nf6 30. Rf2 b6 31. Re2 Nd7 32.
Rxe5 Nxe5 33. Qe2 Qf6 34. Ne4 Qg6 35. b3 Ng4 36. Nxd6 Qxd6 37. Qxg4 Qe5 38. Qf3 Qd6 39.
Qd3 Kf7 40. Kf3 Ke7 41. Qf5 b5 42. axb5 axb5 43. Ke4 bxc4 44. bxc4 Qxg3 45. Qe5+ Qxe5+ 46. Kxe5 g6 47. Kf4 Kf6 48. Kg4 Ke5 49. Kg3 Kf6 50.
Kf4 Kf7 51. Ke5 Ke7 52. Kf4 Kd6 53. Ke4 Kd7 54. Ke5 Ke7 1/2-1/2

[Event "*** Titled Tuesday Blitz"]
[Site "Chess.com"]
[Date "2020.04.14"]
[Round "9"]
[White "Larax"]
[Black "DinaBelenkaya"]
[Result "0-1"]
[WhiteElo "2384"]
[BlackElo "2208"]
[TimeControl "180+1"]
[EndTime "11:43:26 PDT"]
[Termination "DinaBelenkaya won by resignation"]

1. d4 Nf6 2. Nf3 e6 3. Bf4 c5 4.
e3 b6 5. c3 Bb7 6. Nbd2 cxd4 7. exd4 d6 8. h3 Be7 9. Bd3 O-O 10. O-O Nbd7 11. a4 Nd5 12. Bh2 a5 13. Re1 N7f6 14. Qb3 Qc7 15. Nc4 Ba6 16. Bf1 Nh5 17. Na3 Qc6 18.
Bxa6 Rxa6 19. Qb5 Qa8 20. Qd3 Nhf4 21. Qe4 Ng6 22. Nb5 Rd8 23. h4 Nf6 24. Qxa8 Raxa8 25. Nd2 Rac8 26. Bg3 h5 27. f3 Nd5 28. Re4 Nf6 29.
Re2 Nd5 30. Ne4 Rc6 31. Kh2 Nxh4 32. Nexd6 Bxd6 33. Nxd6 Rcxd6 34. Bxh4 f6 35. Rae1 Nf4 36. Re4 g5 37. Bg3 f5 38. Re5 Kf7 39. Bxf4 gxf4 40. Rb5 Kf6 41. Re2 Rg8 42. b4 axb4 43. Rxb4 Rg3 44. Reb2 h4 45. Rxb6 Rxb6 46. Rxb6 h3 47. gxh3 Rxf3 48. d5 Rxc3 49. Rxe6+ Kg5 50. d6 Rd3 51. a5 Rd2+ 52. Kg1 f3 53. a6 Kf4 54. Re1 f2+ 55. Kf1 fxe1=Q+ 56. Kxe1 Rxd6 57. a7 Ra6 0-1

[Event "*** Titled Tuesday Blitz"]
[Site "Chess.com"]
[Date "2020.04.14"]
[Round "9"]
[White "CaspiIsrael"]
[Black "stanyga"]
[Result "0-1"]
[WhiteElo "2550"]
[BlackElo "2685"]
[TimeControl "180+1"]
[EndTime "11:43:27 PDT"]
[Termination "stanyga won by resignation"]

1. e4 g6 2. d4 Bg7 3. Nf3 d6 4. Be2 Nf6 5. Nc3 c6 6. a4 O-O 7.
O-O a5 8. h3 Na6 9. Be3 Nb4 10.
Nd2 Qc7 11. f4 e5 12. Nc4 exd4 13. Bxd4 d5 14. Nb6 Rb8 15. Nxc8 Rbxc8 16. e5 Nd7 17. Bg4 Rce8 18. Ne2 Na6 19. c3 Nac5 20. Ng3 f6 21. exf6 Bxf6 22. Bxf6 Nxf6 23. b4 Nce4 24. Nxe4 Nxe4 25.
Qd4 axb4 26. cxb4 Rxf4 27. Rxf4 Qxf4 28. Rf1 Qe5 29. Qb6 Nd6 30. Qc7 Qe7 31. Qb6 Qe3+ 32. Qxe3 Rxe3 33. Rf6 Nf5 34. Bxf5 gxf5 35. Rxf5 Re4 36. b5 Rxa4 37. bxc6 bxc6 38. Rf6 c5 39. Rc6 c4 40. Rd6 Ra5 41. Kf2 c3 42. Ke3 Rc5 43.
Kd4 c2 44. Kxc5 c1=Q+ 45. Kxd5 Qd2+ 46. Kc4 Qxd6 0-1

[Event "*** Titled Tuesday Blitz"]
[Site "Chess.com"]
[Date "2020.04.14"]
[Round "9"]
[White "SavelievAlexei"]
[Black "StegariuVlad"]
[Result "0-1"]
[WhiteElo "2404"]
[BlackElo "2589"]
[TimeControl "180+1"]
[EndTime "11:43:27 PDT"]
[Termination "StegariuVlad won by resignation"]

1. e4 e5 2. Nf3 Nc6 3. Bc4 Bc5 4. c3 Nf6 5. d4 exd4 6. e5 d5 7. Bb5 Ne4 8. cxd4 Bb4+ 9. Bd2 Qe7 10. h3 Bd7 11. O-O Bxd2 12. Nbxd2 Nxe5 13. Nxe5 Bxb5 14. Re1 O-O 15. Nxe4 dxe4 16. Rxe4 Qd6 17. Qh5 Bc6 18. Rh4 h6 19. Re1 Bd5 20. a3 Rae8 21. Qd1 Re6 22. f4 f5 23. g4 fxg4 24. Rxg4 Ref6 25. Rf1 Be6 26. Rh4 c5 27. dxc5 Qxc5+ 28. Kh2 Qe3 29. Rf3 Qb6 30. Qd2 Rd8 31. Qf2 Qc7 32. Ng4 Bxg4 33.
Rxg4 Rdf8 34. h4 Kh8 35. h5 Rf5 36. Rh4 b6 37. Qg3 Qf7 38. Qg6 Qd5 39. Rg3 R8f7 40. Rc3 Qd8 41. Rg4 Rxf4 42. Rxf4 Rxf4 43. Rg3 Qh4+ 44. Kg2 Qe7 45. Kh3 Rf6 46. Qg4 Qe6 47. Qxe6 Rxe6 48. Rc3 Re5 49. Kg4 Kg8 50. Rc7 a5 51. b4 axb4 52. axb4 Rb5 53. Rc4 Kf7 54. Rc7+ Kf6 55. Rc6+ Ke5 56. Rg6 Rxb4+ 57. Kg3 Kf5 58. Rxg7 Rb3+ 59. Kh4 Rb1 60. Rg6 Rh1+ 61. Kg3 Rg1+ 62.
Kh4 Rxg6 0-1

[Event "*** Titled Tuesday Blitz"]
[Site "Chess.com"]
[Date "2020.04.14"]
[Round "9"]
[White "kirillshevchenko"]
[Black "Shahinyan_ChessMood"]
[Result "1-0"]
[WhiteElo "2855"]
[BlackElo "2669"]
[TimeControl "180+1"]
[EndTime "11:43:28 PDT"]
[Termination "kirillshevchenko won by resignation"]

1. e4 e6 2. d4 d5 3. Nc3 Nf6 4. e5 Nfd7 5. f4 c5 6. Nf3 Nc6 7. Be3 Qb6 8. Na4 Qa5+ 9. c3 c4 10. b4 Nxb4 11. cxb4 Bxb4+ 12. Kf2 b5 13. a3 Be7 14. Nc5 Nxc5 15. dxc5 Qc7 16. Qd4 O-O 17. Be2 a5 18. Rhb1 Bd7 19. f5 exf5 20. Qxd5 Rfd8 21. Qd4 h6 22. a4 Be6 23. Qc3 b4 24. Qc1 Bxc5 25. Bxc5 Qxc5+ 26. Qe3 Rac8 27. Rd1 Rxd1 28. Bxd1 c3 29. Nd4 Qc4 30. Bb3 Qa6 31. Nxe6 fxe6 32. Rd1 Rc6 33. Qe2 Qb6+ 34. Kf1 Qc7 35. Rd6 c2 36. Rxc6 Qxc6 37. Qxc2 Qb6 38. Qc4 Kh7 39. Qxe6 Qe3 40. Qxf5+ Kh8 41. Qf8+ Kh7 42. Bg8+ Kg6 43. Qf7+ Kg5 44. Qxg7+ Kh5 45. Bf7+ Kh4 46. Qg3+ Qxg3 47. hxg3+ Kxg3 48. e6 b3 49. e7 b2 50. Ba2 b1=Q+ 51.
Bxb1 1-0

[Event "*** Titled Tuesday Blitz"]
[Site "Chess.com"]
[Date "2020.04.14"]
[Round "9"]
[White "BillCoe"]
[Black "KaspMagAlpha"]
[Result "1-0"]
[WhiteElo "2067"]
[BlackElo "2227"]
[TimeControl "180+1"]
[EndTime "11:43:28 PDT"]
[Termination "BillCoe won on time"]

1. e4 c5 2. Nf3 e6 3. d4 cxd4 4.
Nxd4 a6 5. c4 Nf6 6. Nc3 Bb4 7.
Bd3 Qc7 8. O-O O-O 9. Be3 d6 10.
f4 Nbd7 11. Nb3 Nb6 12. Qe2 Bd7 13. Rac1 Rac8 14. a3 Bc5 15. Nxc5 dxc5 16. e5 Ne8 17. Ne4 f6 18. Qh5 g6 19. Qh6 Bc6 20. exf6 Bxe4 21. Bxe4 Nxf6 22. Bf3 Nbd7 23. b4 b6 24. Rfd1 e5 25. f5 gxf5 26. Qg5+ Kh8 27. Qxf5 Rg8 28. Bd5 Nxd5 29. cxd5 Rcf8 30. Qe6 Rf6 31. Qh3 Rfg6 32. Rd2 Nf6 33. bxc5 Ne4 34. Rdc2 bxc5 35. Bxc5 Nxc5 36. Rxc5 Qb6 37. Kh1 Qb2 38. R5c2 Qd4 39. Rc7 1-0

[Event "*** Titled Tuesday Blitz"]
[Site "Chess.com"]
[Date "2020.04.14"]
[Round "9"]
[White "viditchess"]
[Black "Mfcyryd"]
[Result "1-0"]
[WhiteElo "2933"]
[BlackElo "2509"]
[TimeControl "180+1"]
[EndTime "11:43:29 PDT"]
[Termination "viditchess won by resignation"]

1. e4 c6 2. d4 d5 3. e5 Bf5 4. Nf3 h6 5. Be2 e6 6. O-O Ne7 7. Nbd2 Nd7 8. Nb3 g5 9. a4 a5 10. Bd2 Bg7 11. c3 Ng6 12. Ne1 h5 13. Bd3 g4 14.
Bxf5 exf5 15. Qc2 f4 16. e6 Nf6 17. Nd3 f3 18. Rfe1 Ne4 19. Nbc5 f5 20. Nf4 Qf6 21. Nd7 Qg5 22. Nxg6 Qxg6 23. Nc5 h4 24. Rxe4 fxe4 25. Bf4 b6 26. Qb3 bxc5 27. Qb7 Rd8 28. Qxc6+ Kf8 29. e7+ Kf7 30. exd8=N+ Rxd8 31. Qc7+ Ke8 32. Qxc5 g3 33. hxg3 hxg3 34. Bxg3 e3 35. Re1 e2 36.
gxf3 Qd3 37. Qb5+ Kf7 38. Qxd3 Re8 39. Rxe2 Rb8 40. Qf5+ Kg8 41. Bxb8 1-0

[Event "*** Titled Tuesday Blitz"]
[Site "Chess.com"]
[Date "2020.04.14"]
[Round "9"]
[White "IMUffeVinther-Schou"]
[Black "Frogo47"]
[Result "0-1"]
[WhiteElo "2340"]
[BlackElo "2527"]
[TimeControl "180+1"]
[EndTime "11:43:29 PDT"]
[Termination "Frogo47 won on time"]

1. e4 e5 2. Nf3 Nc6 3. Nc3 Nf6 4.
Bb5 Bc5 5. O-O O-O 6. Nxe5 Nxe5 7. d4 Bd6 8. f4 Neg4 9. e5 Be7 10. Bd3 d6 11. exf6 Nxf6 12. f5 d5 13. Qf3 c6 14. Bg5 h6 15. Bf4 Qb6 16. Ne2 Qxb2 17. g4 Nh7 18. f6 Bxf6 19. Rfb1 Bxd4+ 20. Kh1 Qxa1 21. Rxa1 Bxa1 22. c3 Re8 23. Qf1 Bb2 24. Qb1 Nf6 25. Qxb2 Nxg4 26. Kg2 b5 27. Nd4 Bd7 28.
Bf5 Bxf5 29. Nxf5 Re4 30. Kf3 Ne5+ 31. Kg3 Rxf4 32. Ne7+ Kh8 33. Qa3 Rf6 34. Qc5 Re8 35. Qxa7 Ng6 36. Nxg6+ Rxg6+ 37. Kf3 Ree6 38. h4 h5 39. a4 bxa4 40. Qa8+ Kh7 41. Qxa4 Re4 42. Qa7 Rf6+ 43. Kg3 Rg4+ 44. Kh3 Rff4 45. Qe3 Rxh4+ 46. Kg3 Rhg4+ 47. Kh3 h4 48. Qe5 g6 49. c4 dxc4 0-1

[Event "*** Titled Tuesday Blitz"]
[Site "Chess.com"]
[Date "2020.04.14"]
[Round "9"]
[White "DejanNestor64"]
[Black "JozefKneht"]
[Result "1-0"]
[WhiteElo "2450"]
[BlackElo "2591"]
[TimeControl "180+1"]
[EndTime "11:43:30 PDT"]
[Termination "DejanNestor64 won by resignation"]

1. d4 d5 2. c4 e6 3. Nc3 Nf6 4. Bg5 Be7 5. e3 O-O 6. cxd5 exd5 7. Bd3 c6 8. Qc2 Nbd7 9. Nf3 Re8 10. h3 Nf8 11. Bf4 Bd6 12. Bxd6 Qxd6 13. O-O-O Be6 14. Kb1 Rac8 15. Rc1 a6 16. Na4 Rc7 17. Qc5 Qd8 18. Ne5 N6d7 19. Nxd7 Rxd7 20. Qb6 Qg5 21. Rhg1 Rde7 22.
Nc5 Bc8 23. Qb4 Ne6 24. Nb3 Nd8 25. Ka1 Bf5 26. Nc5 Bxd3 27. Nxd3 Qf5 28. Rc3 f6 29. a3 Nf7 30. Rgc1 Qc8 31. R3c2 Qd8 32. Nc5 Nd6 33. b3 Qc8 34. Nxa6 Ne4 35. Nc5 Qf5 36. Nxe4 Qxe4 37. g3 h6 38. h4 Kh8 39. Kb2 Qf3 40. Qd2 Ra8 41. Qd1 Qf5 42. g4 Qe6 43. g5 f5 44. Qh5 Qd6 45. b4 f4 46. gxh6 g6 47. Qg5 fxe3 48. fxe3 Rae8 49. Rc3 Kh7 50. Rf1 Qh2+ 51. Kb3 Qd2 52. h5 gxh5 53. Qf5+ Kh8 54.
Qf6+ Kh7 55. Rg1 1-0

[Event "*** Titled Tuesday Blitz"]
[Site "Chess.com"]
[Date "2020.04.14"]
[Round "9"]
[White "Sunnika"]
[Black "UCantHandleDenker"]
[Result "0-1"]
[WhiteElo "2374"]
[BlackElo "2572"]
[TimeControl "180+1"]
[EndTime "11:43:30 PDT"]
[Termination "UCantHandleDenker won on time"]

1. d4 Nf6 2. Nf3 g6 3. c4 Bg7 4. g3 c5 5. d5 d6 6. Nc3 O-O 7. Bg2 e6 8. O-O exd5 9. cxd5 a6 10. a4 Nbd7 11. Bf4 Qc7 12. e4 Nh5 13. Be3 Re8 14. Nd2 Rb8 15. Qe2 Nhf6 16. h3 h5 17. Kh2 b6 18. f4 Bb7 19. Nc4 Ba8 20. e5 dxe5 21.
d6 Qa7 22. f5 Bxg2 23. Qxg2 Qb7 24. Qc2 Kh7 25. fxg6+ fxg6 26. Nd2 Re6 27. Nde4 Kg8 28.
Qb3 Nf8 29. Nxf6+ Bxf6 30. Rxf6 c4 31. Qxc4 Rc8 32. Qb3 Re8 33. Rxe6 Rxe6 34. Qd5 Qd7 35. Rd1 Kg7 36. Ne4 Nh7 37. Bxb6 h4 38. g4 Qf7 39. d7 Qf4+ 40. Kg2 Ng5 41. Nxg5 Qg3+ 42. Kf1 Rf6+ 43. Ke2 Qh2+ 44. Kd3 Qg3+ 45. Kc4 Rf4+ 46. Kc5 Qf2+ 47. Kd6 Qxb6+ 48. Qc6 Qb4+ 0-1

[Event "*** Titled Tuesday Blitz"]
[Site "Chess.com"]
[Date "2020.04.14"]
[Round "9"]
[White "Eltaj_Safarli"]
[Black "Y0ung_Capablanca"]
[Result "1/2-1/2"]
[WhiteElo "3041"]
[BlackElo "2720"]
[TimeControl "180+1"]
[EndTime "11:43:31 PDT"]
[Termination "Game drawn by repetition"]

1. e4 c6 2. d4 d5 3. exd5 cxd5 4. c4 Nf6 5. Nc3 Nc6 6. Bg5 Be6 7. Be2 Qa5 8. Nf3 dxc4 9. O-O Nd5 10. Ne4 h6 11.
Bd2 Qb6 12. Nc5 Bg4 13. Bxc4 O-O-O 14. Rc1 e6 15. Na4 Qc7 16. h3 Bh5 17. g4 Bg6 18. Ne5 Nxe5 19. Bxd5 Nc6 20. Bxc6 bxc6 21. Qf3 Rd5 22.
Nc3 Bd6 23. Nxd5 exd5 24. Rfe1 h5 25. g5 Kb7 26. Rc3 Be4 27. Rxe4 dxe4 28. Qxe4 Qd7 29. Be3 Re8 30. Qf3 Bc7 31. Rb3+ Bb6 32. a4 Ka8 33. Rc3 Re6 34. Kg2 g6 35. b4 Kb7 36. a5 Bc7 37. b5 Bxa5 38. bxc6+ Rxc6 39. Rb3+ Bb6 40. d5 Rd6 41.
Bf4 Rxd5 42. Rd3 Kc6 43. Qe4 Qf5 44. Qc4+ Rc5 45. Qa4+ Kb7 46. Rd7+ Kc8 47. Rd6 Kb7 48. Rd7+ Kc8 49. Rd6 Kb7 50. Rd7+ 1/2-1/2

[Event "*** Titled Tuesday Blitz"]
[Site "Chess.com"]
[Date "2020.04.14"]
[Round "9"]
[White "BogdanDeac"]
[Black "Orest_Vovk"]
[Result "1-0"]
[WhiteElo "2751"]
[BlackElo "2521"]
[TimeControl "180+1"]
[EndTime "11:43:31 PDT"]
[Termination "BogdanDeac won on time"]

1. Nf3 h6 2. e4 g5 3. d4 Bg7 4. c3 d5 5. exd5 Qxd5 6. Na3 c5 7. Bc4 Qe4+ 8. Be3 cxd4 9. Nb5 Na6 10. cxd4 Nf6 11. Nc3 Qh7 12. Qa4+ Bd7 13. Qb3 Rd8 14. Bxf7+ Kf8 15. Ne5 Bf5 16. Qxb7 Nd7 17. Bb3 Nac5 18. Nxd7+ Nxd7 19. Qc7 Ke8 20. O-O Qg6 21. Rfe1 Qb6 22. Nd5 Qxc7 23. Nxc7+ Kf8 24. Be6 Bg6 25. Bh3 Kg8 26. Ne6 Kh7 27. Nxd8 Rxd8 28. Bxd7 Rxd7 29. Red1 Be4 30. Rac1 Bd5 31. b3 Bf6 32. Rc5 Be4 33. f3 Bg6 34. Kf2 Rb7 35. Rdc1 Rb4 36. R5c4 Rb6 37.
Rc6 Rb5 38. R1c5 Rb4 39. Rc4 Rb5 40. Rc7 a5 41. R4c6 a4 42. Rxf6 axb3 43. Rxe7+ Bf7 44. Rexf7+ Kg8 45. axb3 Rxb3 46. d5 Rb2+ 47. Kg3 Rb7 48. Rxb7 1-0

[Event "*** Titled Tuesday Blitz"]
[Site "Chess.com"]
[Date "2020.04.14"]
[Round "9"]
[White "shyam"]
[Black "chito89"]
[Result "1-0"]
[WhiteElo "2649"]
[BlackElo "2779"]
[TimeControl "180+1"]
[EndTime "11:43:31 PDT"]
[Termination "shyam won on time"]

1. e4 c5 2. Nf3 e6 3. c3 Nf6 4. e5 Nd5 5. g3 Nc6 6. Bg2 f6 7. exf6 Nxf6 8. O-O d5 9. d4 Bd6 10. Qe2 O-O 11. Nbd2 cxd4 12. cxd4 Bd7 13. b3 Qb6 14.
Bb2 Rac8 15. Ne5 Be8 16. Nxc6 Rxc6 17. Nf3 Ne4 18. Ne5 Bxe5 19. dxe5 Nxf2 20. Rxf2 Rxf2 21. Qxf2 Qxf2+ 22. Kxf2 Rc2+ 23. Kg1 Rxb2 24. Bh3 Kf7 25. Rf1+ Ke7 26. Rf2 Rb1+ 27. Rf1 Bg6 28. Rxb1 Bxb1 29. a3 Bf5 30. Bf1 Kd7 31. Kf2 d4 32. Bb5+ Kc7 33.
b4 Be4 34. Ke2 Kd8 35. Bd3 Bf5 36. Bc4 Ke7 37. Bb5 g5 38. Bc4 Kf7 39. Bb5 Be4 40. Bd7 Bd5 41. Kd3 Kg6 42. Be8+ Kf5 43. Kxd4 Kg4 44. Bf7 Kh3 45. Ke3 Kxh2 46. Kf2 Kh3 47. Bh5 1-0

[Event "*** Titled Tuesday Blitz"]
[Site "Chess.com"]
[Date "2020.04.14"]
[Round "9"]
[White "Witaliss"]
[Black "tsvet2005"]
[Result "1/2-1/2"]
[WhiteElo "2430"]
[BlackElo "2658"]
[TimeControl "180+1"]
[EndTime "11:43:31 PDT"]
[Termination "Game drawn by agreement"]

1. d4 d5 2. c4 e6 3. Nc3 c6 4. Qb3 dxc4 5. Qxc4 b5 6. Qd3 a6 7. Nf3 Nd7 8. g3 c5 9. Bg2 Bb7 10. O-O Ngf6 11. Bg5 Be7 12. Rfd1 O-O 13. Rac1 Qb6 14. Ne5 Rfd8 15. Nxd7 Rxd7 16. Bxf6 Bxf6 17. dxc5 Rxd3 18. cxb6 Rxd1+ 19. Rxd1 Bxg2 20. Kxg2 Rb8 21. Rd6 Kf8 22. b7 Rxb7 23. Rxa6 Ke7 24. Kf3 g5 25. Ke3 h5 26. Ra5 b4 27. Na4 h4 28. b3 hxg3 29. hxg3 Rc7 30. Rb5 Rc2 31. Rxb4 Rxa2 32. Rb7+ Ke8 33.
Nc5 Rc2 34. b4 Rc3+ 35. Kd2 Rc4 36. Nd3 Bd4 37. e3 Bc3+ 38. Ke2 f5 39. b5 e5 40. b6 e4 41. Nc1 f4 42. gxf4 gxf4 43. exf4 Rb4 44. Rc7 Rb2+ 45. Ke3 Ba5 46. Kxe4 Bxb6 47. Rc6 Bxf2 48. Nd3 Ra2 49. Nxf2 Rxf2 50. Ke5 Re2+ 51. Kf6 1/2-1/2

[Event "*** Titled Tuesday Blitz"]
[Site "Chess.com"]
[Date "2020.04.14"]
[Round "9"]
[White "crazy_but_lazy"]
[Black "vovachesss"]
[Result "0-1"]
[WhiteElo "2404"]
[BlackElo "2589"]
[TimeControl "180+1"]
[EndTime "11:43:32 PDT"]
[Termination "vovachesss won by checkmate"]

1. d4 d6 2. Nf3 g6 3. g3 Bg7 4. Bg2 Nf6 5. O-O O-O 6. c4 c6 7. Nc3 Qc7 8. Qc2 e5 9. Rd1 Bg4 10. e3 Re8 11. h3 Bf5 12. e4 exd4 13. Nxd4 Bc8 14. Be3 Nbd7 15. Rac1 a5 16. a3 Nc5 17.
b4 axb4 18. axb4 Na6 19. Qb3 h5 20. Bf4 Nd7 21. Ncb5 cxb5 22. Nxb5 Qd8 23. Nxd6 Re6 24. c5 Qe7 25. h4 Ne5 26. Bh3 Ng4 27. f3 Ne5 28. Kg2 Nc7 29. Bxe6 Bxe6 30. Qe3 Na6 31.
Qd2 Rd8 32. Rc2 Nc4 33. Qe1 Na3 34. Rcd2 Nxb4 35. Kh1 Nbc2 36. Qf2 Bb3 37. Nf5 gxf5 38. Rxd8+ Kh7 39. R1d7 Qe6 40. Qd2 fxe4 41. Kh2 exf3 42. Be3 Bc4 43. Rd6 Qf5 44. Rh6+ Bxh6 45. Qc3 Be6 46.
Rh8+ Kg6 47. Bf4 Qh3+ 48. Kg1 Qg2# 0-1

[Event "*** Titled Tuesday Blitz"]
[Site "Chess.com"]
[Date "2020.04.14"]
[Round "9"]
[White "Rinas_Oleg"]
[Black "Cuchulin"]
[Result "0-1"]
[WhiteElo "2236"]
[BlackElo "2146"]
[TimeControl "180+1"]
[EndTime "11:43:35 PDT"]
[Termination "Cuchulin won on time"]

1. e4 c5 2. Nf3 Nc6 3. d4 cxd4 4. Nxd4 g6 5. Nc3 Bg7 6. Be3 Nf6 7. Bc4 O-O 8. Bb3 Ng4 9. Nxc6 Nxe3 10. Nxd8 Nxd1 11. Rxd1 Bxc3+ 12. bxc3 Rxd8 13. e5 b6 14. O-O Ba6 15. Rfe1 Rac8 16. Re3 Kf8 17. Rd4 d6 18. Rf4 f5 19. exf6 e5 20. Ra4 Bb5 21. Rxa7 Rd7 22.
Rxd7 Bxd7 23. Rd3 Rc6 24. Bd5 Rc5 25. Bf3 Bf5 26. Rxd6 Rxc3 27. Bd5 Rc8 28. c4 b5 29. c5 g5 30. c6 Bg6 31. h3 Bf7 32. Bxf7 Kxf7 33. Kh2 Rc7 34. Kg3 Rc8 35. Kg4 Kg6 36. h4 h5+ 37. Kf3 Kf5 38. hxg5 Kxg5 39. Ke4 Ra8 40. Kxe5 Rxa2 41. f7 Re2+ 42. Kd5 Rxf2 43. Ke6 Re2+ 44. Kd7 Rf2 45. Ke7 Re2+ 0-1

[Event "*** Titled Tuesday Blitz"]
[Site "Chess.com"]
[Date "2020.04.14"]
[Round "9"]
[White "Faqade"]
[Black "FCChelsea14"]
[Result "1-0"]
[WhiteElo "2652"]
[BlackElo "2792"]
[TimeControl "180+1"]
[EndTime "11:43:36 PDT"]
[Termination "Faqade won by resignation"]

1. e4 c6 2. Nf3 d5 3. d3 Bg4 4.
h3 Bh5 5. Nbd2 Nd7 6. Be2 e6 7. O-O Bd6 8. d4 dxe4 9. Nxe4 Be7 10. Bf4 Nb6 11. a4 Nf6 12. Ng3 Bg6 13. Ne5 O-O 14.
a5 Nbd5 15. Bd2 a6 16. c4 Nc7 17. Bc3 Nce8 18. Bf3 Nd6 19. Qe2 Qc7 20. Rfd1 Rfd8 21. Rac1 Nf5 22. Nxf5 Bxf5 23. g4 Bg6 24. h4 h6 25. Nxg6 fxg6 26. g5 hxg5 27. hxg5 Nh7 28. Qxe6+ Kh8 29. Qxg6 Qf4 30. Be4 Qg4+ 31. Kf1 Nxg5 32.
d5 Bf6 33. Bxf6 gxf6 34. Qxf6+ Kg8 35. Qg6+ Kh8 36. Bf5 Qh4 37. Kg2 Rg8 38. Rh1 Rxg6 39. Rxh4+ Kg7 40. Bxg6 Kxg6 41. dxc6 bxc6 42. Rd1 Nf7 43.
Rf4 Rb8 44. Rd2 Re8 45. Rf3 Re5 46. b4 Re4 47. Rc3 Ne5 48. Rd6+ Kf5 49. b5 axb5 50.
cxb5 cxb5 51. Rd5 Ke6 52. Rxb5 Ng6 53. Re3 Nf4+ 54. Kf3 1-0

[Event "*** Titled Tuesday Blitz"]
[Site "Chess.com"]
[Date "2020.04.14"]
[Round "9"]
[White "GelmanAlexander"]
[Black "Ind1anStar"]
[Result "1-0"]
[WhiteElo "2483"]
[BlackElo "2608"]
[TimeControl "180+1"]
[EndTime "11:43:36 PDT"]
[Termination "GelmanAlexander won by checkmate"]

1. c4 e6 2. Nf3 d5 3. b3 Nf6 4.
Bb2 Be7 5. d3 O-O 6. Nbd2 b6 7.
e3 Bb7 8. Rg1 c5 9. g4 Nc6 10.
g5 Ne8 11. h4 d4 12. h5 e5 13. a3 f5 14. gxf6 Bxf6 15. Qe2 Kh8 16. Bh3 Nd6 17. O-O-O Qe7 18. Rde1 Rae8 19. h6 g6 20. Bg2 Na5 21.
Nh2 Bxg2 22. Rxg2 Nf5 23. Ng4 Bg5 24. Kb1 dxe3 25. fxe3 Nxh6 26. Nxe5 Bf6 27. Nxg6+ hxg6 28. Rxg6 Bxb2 29. Rxh6+ Kg8 30. Rg1+ Bg7 31. Qh5 Rf1+ 32. Nxf1 Kf8 33. Rhg6 Qf7 34. Qh7 Re7 35. R6g5 Re5 36. Rxg7 Rf5 37. Rxf7+ Rxf7 38. Qh8+ Ke7 39. Qe5+ Kd7 40.
Nd2 Re7 41. Qd5+ Kc7 42. Rg8 Nc6 43. Ne4 Rh7 44. Qd6+ Kb7 45. Rg6 Rh1+ 46. Kb2 Na5 47. Qd7+ Ka6 48. Qb5+ Kb7 49. Nxc5+ Kc7 50. Qd7+ Kb8 51.
Rg8# 1-0

[Event "*** Titled Tuesday Blitz"]
[Site "Chess.com"]
[Date "2020.04.14"]
[Round "9"]
[White "wild_cat99"]
[Black "Zmof"]
[Result "1-0"]
[WhiteElo "2568"]
[BlackElo "2334"]
[TimeControl "180+1"]
[EndTime "11:43:36 PDT"]
[Termination "wild_cat99 won by resignation"]

1. Nf3 f5 2. d4 Nf6 3. c4 d6 4.
Nc3 g6 5. g3 Bg7 6. Bg2 O-O 7.
O-O Qe8 8. Qc2 Qf7 9. b3 h6 10. d5 Na6 11. Bb2 Bd7 12. Rfd1 c6 13. Nd4 Rac8 14. a3 Nc5 15. b4 Nce4 16. Nxe4 Nxe4 17.
Bxe4 fxe4 18. Rf1 Bf5 19. dxc6 bxc6 20. Nxf5 gxf5 21. Bxg7 Qxg7 22. Kh1 Qe5 23. Qd2 Kh7 24. a4 f4 25. b5 Rf7 26. gxf4 Rxf4 27. Ra3 cxb5 28.
axb5 Rcf8 29. Rg3 Rxf2 30. Rfg1 Rf1 31. Qe3 Rxg1+ 32. Qxg1 Rf7 33. Qxa7 Qf4 34. Qg1 Qf6 35. b6 e5 36. Rg8 Qf1 37. Qxf1 Rxf1+ 38. Kg2 Rb1 39.
Rb8 Kg7 40. Kf2 Rb3 41. h4 Kh7 42. h5 Kg7 43. Ke1 e3 44. Kd1 Rb4 45. b7 Kh7 46.
Kc2 Kg7 47. Kd3 Rb6 48. Kxe3 Kh7 49. Ke4 Kg7 50. Kd5 Kh7 51. Ke6 Kg7 52. Ke7 Kh7 53.
Kd8 Rb4 54. Rc8 Rxb7 55. Rc7+ Rxc7 56. Kxc7 1-0

[Event "*** Titled Tuesday Blitz"]
[Site "Chess.com"]
[Date "2020.04.14"]
[Round "9"]
[White "SHIVACalypso"]
[Black "CMS13"]
[Result "1-0"]
[WhiteElo "2245"]
[BlackElo "2122"]
[TimeControl "180+1"]
[EndTime "11:43:36 PDT"]
[Termination "SHIVACalypso won on time"]

1. Nf3 d5 2. c4 e6 3. g3 Nf6 4.
Bg2 Nc6 5. O-O dxc4 6. Qa4 Bd6 7. Qxc4 O-O 8. d4 h6 9. Nc3 e5 10. Nb5 e4 11. Nd2 Re8 12. Nxd6 Qxd6 13. e3 a5 14. Nb3 b6 15. a4 Ba6 16. Qc2 Bxf1 17. Bxf1 Nb4 18.
Qc3 Nfd5 19. Qd2 Re6 20. Qd1 Rf6 21. Bd2 Qe6 22. Bc3 Qf5 23. Qe2 Nd3 24. Be1 h5 25. h4 Rg6 26. Nd2 Re8 27. Bg2 Rg4 28. Bxe4 Rgxe4 29. Qxd3 Nb4 30. Qb1 Qg4 31. Nxe4 Rxe4 32.
Bxb4 axb4 33. Qd1 Qg6 34. Kh2 Qf5 35. Qe2 Re6 36. Rc1 Rf6 37. Kg2 Qd7 38. Qc4 Qxa4 39.
Qxc7 Qa8+ 40. Kg1 Qf3 41. Qc2 Qg4 42. Qd2 Rg6 43. Kg2 Qxh4 44. Rc8+ Kh7 45. Qxb4 Qe4+ 46.
Kg1 h4 47. Qf8 Rh6 48. Qh8+ Kg6 49. Qe8 1-0